 Dungeon Crawl Stone Soup version 0.31-a0-977-gc230f8ef24 (webtiles) character file.

Game seed: 2593775509406673841

1166 BinkBink the Trooper (level 8, 0/64 HPs)
             Began as a Demonspawn Fighter on Oct 29, 2023.
             Slain by a tentacled starspawn (7 damage)
             ... on level 1 of the Abyss.
             The game lasted 00:09:11 (5243 turns).

BinkBink the Trooper (Demonspawn Fighter)           Turns: 5243, Time: 00:09:12

Health: 0/64       AC: 11    Str: 24    XL:     8   Next: 17%
Magic:  8/8        EV: 10    Int: 10    God:
Gold:   236        SH:  5    Dex: 13    Spells: 7/7 levels left

rFire   . . .        i - +1 flail (spect)
rCold   . . .        c - +0 buckler
rNeg    . . .        r - +0 plate armour
rPois   .            A - +0 hat
rElec   .            (no cloak)
rCorr   .            (no gloves)
SInv    .            (no boots)
Will    +....        (no amulet) Stlth
                     m - ring of willpower
HPRegen 0.30/turn    z - +6 ring of strength
MPRegen 0.11/turn

%: no passive effects
@: silenced
A: repulsion field 2, demonic guardian 2, foul stench 1, weakness stinger 1
a: no special abilities


You were on level 1 of the Abyss.
You visited 2 branches of the dungeon, and saw 7 of its levels.
You visited the Abyss 1 time.

You collected 236 gold pieces.

Inventory:

Hand Weapons
 i - a +1 spectral flail (weapon)
 n - a +2 mace of venom
 x - a +2 dire flail of protection
Missiles
 b - 2 throwing nets
Armour
 c - a +0 buckler (worn)
 r - a +0 plate armour (worn)
 A - a +0 hat (worn)
Jewellery
 m - a ring of willpower (left hand)
 z - a +6 ring of strength (right hand)
Wands
 y - a wand of flame (6)
Scrolls
 f - 3 scrolls of teleportation {unknown}
 g - 3 scrolls of fog
 l - a scroll of immolation
 q - a scroll of enchant armour {unknown}
 s - a scroll of enchant weapon {unknown}
 t - a scroll of amnesia
 u - a scroll of identify
Potions
 a - a potion of invisibility
 d - a potion of might
 e - 2 potions of haste
 h - a potion of resistance
 j - a potion of lignification {unknown}
 k - a potion of berserk rage {unknown}
 o - 2 potions of curing {unknown}
 p - a potion of mutation {unknown}
 v - a potion of brilliance {unknown}
 w - a potion of degeneration {unknown}


   Skills:
 * Level 5.9 Fighting
 * Level 5.0 Maces & Flails
 + Level 4.2 Armour
 + Level 3.1 Dodging
 + Level 4.2 Shields


You had 7 spell levels left.
You didn't know any spells.
Your spell library contained the following spells:

 Spells                   Type           Power      Damage    Failure   Level
 Animate Dead             Necr           0%         N/A       100%        4
 Haunt                    Necr/Summ      0%         N/A       100%        7
 Infestation              Necr           0%         N/A       100%        8


Dungeon Overview and Level Annotations

Branches:
Dungeon (6/15)             Temple (1/1) D:6

Altars:
Ashenzari
Cheibriados
Dithmenos
Fedhas
Ru
Sif Muna
Uskayaw
Vehumet
Xom
Yredelemnul

Annotations:
D:2 1 runed translucent door, Crazy Yiuf
D:4 3 runed translucent doors, BinkBink's ghost, amateur OpSh


Innate Abilities, Weirdness & Mutations

You are surrounded by a moderate repulsion field. (EV +3)
A demonic guardian rushes to your aid.
You may rarely emit foul miasma when damaged in melee.
You have a small tail.


Message History

The worldbinder calls forth creatures from the Spider Nest!
You block the worldbinder's attack. The worldbinder barely misses you.
Magic scrolls do not work when you're silenced!
You barely miss the worldbinder. The worldbinder barely misses you.
The worldbinder hits you but does no damage.
The worldbinder closely misses you. The worldbinder hits you.
Tentacles burst from the starspawn's body!
A starspawn tentacle comes into view.
You completely miss the worldbinder. The worldbinder closely misses you.
The worldbinder misses you. The worldbinder hits you.
The worldbinder closely misses you.
You barely miss the worldbinder.
The worldbinder calls forth creatures from the Spider Nest!
You hit the worldbinder.
The worldbinder is lightly damaged.
The worldbinder hits you. You block the worldbinder's attack.
The worldbinder hits you but does no damage.
The worldbinder barely misses you.
You thump the worldbinder!
The worldbinder is heavily damaged.
The tentacled starspawn bites you!
The tentacled starspawn tentacle-slaps you but does no damage.
You block the worldbinder's attack. x2
You block the tentacled starspawn's attack.
The tentacled starspawn tentacle-slaps you!
The worldbinder barely misses you. The worldbinder hits you.
You sock the tentacled starspawn!
The tentacled starspawn is lightly damaged.
The worldbinder completely misses you. The worldbinder hits you.
You hit the worldbinder but do no damage.
Your tail-slap misses the worldbinder.
The worldbinder is heavily damaged.
The worldbinder closely misses you.
The worldbinder hits you but does no damage.
The worldbinder hits you.
You emit a cloud of foul miasma!
You block the worldbinder's attack. The tentacled starspawn bites you!!
* * * LOW HITPOINT WARNING * * *
A demonic guardian appears!
The tentacled starspawn tentacle-slaps you!
You die...

##. ## ..
#....... .
.......Z.
##. . .....
##.#....Z#
.
.#Z...#....
#w#.. >.. .
. #X#...
....
#@#..###..
#x##.## .#
#4 #.# .s
#.## ...
##.
#..###... .
#. #....
..... .#
######### .


You could see a tentacled starspawn (unsilenced), an orb spider (summoned,
unsilenced), a worldbinder (unsilenced, ally target), a starspawn tentacle
(distracted), an iron dragon skeleton and a friendly hellwing (summoned).

Vanquished Creatures
  Edmund (D:5)
  An ice beast (D:5)
  An ogre (D:5)
  3 kobold brigands (D:6)
  Blork the orc (D:4)
  3 scorpions
  An orc priest (D:4)
  2 hounds (D:5)
  A jelly (D:4)
  An orc wizard (D:4)
  2 sleepcaps (D:5)
  Robin (D:4)
  7 gnolls
  4 adders
  2 ufetubi (D:5)
  2 worms
  7 dart slugs
  4 orcs
  10 ball pythons
  4 bats (D:1)
  3 endoplasms
  2 giant cockroaches
  14 goblins
  6 hobgoblins
  16 kobolds
  5 quokkas
  2 frilled lizards (D:1)
  6 rats
112 creatures vanquished.

Vanquished Creatures (collateral kills)
  An orc (D:4)
  A kobold (D:6)
2 creatures vanquished.

Vanquished Creatures (others)
  3 starspawn tentacles (Abyss:1)
3 creatures vanquished.

Grand Total: 117 creatures vanquished

Notes
Turn   | Place    | Note
-------+----------+-------------------------------------------
     0 | D:1      | BinkBink the Demonspawn Fighter began the quest for the
                  | Orb.
     0 | D:1      | Reached XP level 1. HP: 18/18 MP: 1/1
    76 | D:1      | Gained mutation: You are surrounded by a mild repulsion
                  | field. (EV +2) [demonic ancestry]
    76 | D:1      | Reached XP level 2. HP: 17/24 MP: 2/2
    80 | D:1      | Found a faded altar of an unknown god.
   349 | D:1      | Gained mutation: You may rarely emit foul miasma when
                  | damaged in melee. [demonic ancestry]
   349 | D:1      | Reached XP level 3. HP: 29/29 MP: 3/3
  1126 | D:2      | Reached skill level 1 in Dodging
  1205 | D:2      | Found a runed translucent door.
  1206 | D:2      | Noticed Crazy Yiuf
  1703 | D:3      | Found a basalt altar of Yredelemnul.
  1774 | D:3      | Gained mutation: You are surrounded by a moderate repulsion
                  | field. (EV +3) [demonic ancestry]
  1774 | D:3      | Reached XP level 4. HP: 35/36 MP: 4/4
  2574 | D:4      | Noticed an ogre
  2638 | D:4      | Noticed a scorpion
  2659 | D:4      | Killed a scorpion
  2660 | D:4      | Gained mutation: You have a small tail. [demonic ancestry]
  2660 | D:4      | Reached XP level 5. HP: 15/42 MP: 5/5
  3061 | D:4      | Noticed Blork the orc
  3067 | D:4      | Killed Blork the orc
  3068 | D:4      | Gained mutation: A weak demonic guardian rushes to your
                  | aid. [demonic ancestry]
  3068 | D:4      | Reached XP level 6. HP: 42/49 MP: 6/6
  3078 | D:4      | Found a runed translucent gate.
  3078 | D:4      | Found a runed translucent gate.
  3078 | D:4      | Found a runed translucent gate.
  3130 | D:4      | Noticed BinkBink's ghost (amateur OpSh)
  3228 | D:4      | Noticed Robin
  3256 | D:4      | Killed Robin
  3405 | D:4      | Found a radiant altar of Vehumet.
  3407 | D:4      | Found a shimmering blue altar of Sif Muna.
  3411 | D:4      | Found a sacrificial altar of Ru.
  3548 | D:5      | Entered Level 5 of the Dungeon
  3685 | D:5      | Reached skill level 5 in Fighting
  3685 | D:5      | Reached XP level 7. HP: 39/56 MP: 7/7
  3798 | D:5      | Noticed Edmund
  3805 | D:5      | Killed Edmund
  3972 | D:5      | Found a hide-covered altar of Uskayaw.
  4702 | D:6      | Gained mutation: A demonic guardian rushes to your aid.
                  | [demonic ancestry]
  4702 | D:6      | Reached XP level 8. HP: 42/64 MP: 8/8
  4729 | D:6      | Reached skill level 5 in Maces & Flails
  4744 | D:6      | Found a staircase to the Ecumenical Temple.
  4753 | Temple   | Entered the Ecumenical Temple
  4851 | Abyss:1  | Cast into level 1 of the Abyss (gnoll bouda)
  5223 | Abyss:1  | Noticed a silent spectre
  5227 | Abyss:1  | Noticed a tentacled starspawn
  5234 | Abyss:1  | Noticed a worldbinder
  5235 | Abyss:1  | Noticed a wolf spider
  5240 | Abyss:1  | Noticed an orb spider
  5243 | Abyss:1  | Slain by a tentacled starspawn

Illustrated notes

Levels and vault maps discovered:
D:1:      minmay_arrival_four_circles, layout_loops_ring,
          hellmonk_ecumenical_altar_run_dry, nrook_campfire,
          ebering_dispersal_statue_hall
D:2:      layout_loops_ring, uniq_crazy_yiuf_cottage
D:3:      layout_basic, mainiacjoe_overflow_24_doors,
          nicolae_kite_square_tiling_tiny
D:4:      layout_rooms, minitemple, ebering_ghost_rock_garden,
          kennysheep_generic_room_2, uniq_blork_the_orc, uniq_robin
D:5:      layout_gridville, nicolae_uskayaw_murder_on_the_dancefloor,
          minmay_quadrilaterals, uniq_edmund
D:6:      black_bear_nest_1, layout_loops_ring, lemuel_round_altar,
          overflow_temple_1_default, mainiacjoe_overflow_surrounded_room,
          minmay_temple_entry_crystal_x, enter_ossuary_3, serial_park_tiny_2,
          grunt_decor_arrowhead, hangedman_decor_diamond_cutter,
          grunt_decor_cap, uniq_sigmund, uniq_eustachio
Temple:   hellmonk_temple_micro_hex
Abyss:1:  base: D:1, spicy_abyss_pitcher_plant

Skill      XL: |  1  2  3  4  5  6  7  8 |
---------------+-------------------------+-----
Maces & Flails | 2 3 4 5 |  5.0
Dodging        | 1 2 3 |  3.1
Shields        | 3 4 |  4.2
Armour         | 3 4 |  4.2
Fighting       | 4 5 |  5.9

Action                     |  1- 3 |  4- 6 |  7- 9 || total
---------------------------+-------+-------+-------++-------
  Melee: Flail             |   130 |   112 |    75 ||   317
         Tailslap          |       |    14 |     8 ||    22
    Use: Scroll            |       |    10 |       ||    10
   Stab: Distracted        |       |     1 |       ||     1
 Armour: Scale mail        |    81 |       |       ||    81
         Plate armour      |    18 |   100 |    60 ||   178
  Dodge: Dodged            |    73 |    48 |    42 ||   163
  Block: Buckler           |    25 |    24 |    23 ||    72

Table legend: (Time is in decaauts)
 A = Elapsed time spent in this place.
 B = Non-inter-level travel time spent in this place.
 C = Inter-level travel time spent in this place.
 D = Time resting spent in this place.
 E = Time spent auto-exploring this place.
 F = Levels seen in this place.
 G = Mean time per level.
                   A        B        C        D        E       F      G
               +--------+--------+--------+--------+--------+-----+--------+
         Total |   5340 |   5092 |    248 |    756 |   3347 |   8 |  667.5 |
       Dungeon |   4857 |   4609 |    248 |    323 |   3347 |   6 |  809.5 |
        Temple |     90 |     90 |      0 |     83 |      0 |   1 |   90.0 |
         Abyss |    393 |    393 |      0 |    350 |      0 |   1 |  393.0 |
               +--------+--------+--------+--------+--------+-----+--------+

Top non-repeatable levels by time:
     D:5: 1142 daAuts
     D:3: 1052 daAuts
     D:2: 915 daAuts
     D:4: 883 daAuts
     D:1: 769 daAuts
 Abyss:1: 393 daAuts
     D:6: 94 daAuts
  Temple: 90 daAuts
